 Dungeon Crawl Stone Soup version 0.31-a0-246-g8cbcc1cb85 (webtiles) character file.

Game seed: 4038208433709436921

18 cforsyth the Changeling (level 2, -4/29 HPs)
             Began as an Ogre Shapeshifter on July 12, 2023.
             Slain by a worm (10 damage)
             ... on level 2 of the Dungeon.
             The game lasted 00:00:43 (664 turns).

cforsyth the Changeling (Ogre Shapeshifter)          Turns: 664, Time: 00:00:44

Health: -4/29      AC:  3    Str: 18    XL:     2   Next: 66%
Magic:  2/2        EV:  9    Int:  9    God:
Gold:   85         SH:  0    Dex:  9    Spells: 1/1 levels left

rFire   . .          .
                       - Unarmed
rCold   . . .        (no shield)
rNeg    . . .        a - +0 animal skin
rPois   .            (helmet currently unavailable)
rElec   .            (cloak currently unavailable)
rCorr   .            (gloves unavailable)
SInv    .            (boots unavailable)
Will    .....        (no amulet)
Stlth   +            (no ring)
HPRegen 0.24/turn    (no ring)
MPRegen 0.08/turn

%: no passive effects
@: beast-form
A: beast (slay +2), large, unfitting armour, tough skin 1
a: no special abilities


You were on level 2 of the Dungeon.
You were a hulking beast.
You visited 1 branch of the dungeon, and saw 2 of its levels.

You collected 85 gold pieces.

Inventory:

Armour
 a - a +0 animal skin (worn)
Jewellery
 f - a ring of protection from fire
Talismans
 c - a beast talisman
Scrolls
 i - a scroll of identify {unknown}
Potions
 b - a potion of lignification
 d - 2 potions of curing {unknown}
 e - a potion of enlightenment {unknown}
 g - a potion of berserk rage {unknown}
 h - a potion of resistance {unknown}


   Skills:
 - Level 2.6 Fighting
 - Level 1.7 Dodging
 + Level 2.3 Unarmed Combat
 + Level 3.3 Shapeshifting


You had one spell level left.
You didn't know any spells.
Your spell library contained the following spells:

 Spells                   Type           Power      Damage    Failure   Level
 Kiss of Death            Conj/Necr      0%         2d5       38%         1
 Confusing Touch          Hex            0%         N/A       77%         3
 Dispel Undead            Necr           0%         3d6       99%         4


Dungeon Overview and Level Annotations

Branches:
Dungeon (2/15)

Altars:

Shops:
D:1 :


Innate Abilities, Weirdness & Mutations

You are a hulking beast.
Your limbs bulge with bestial killing power. (Slay +2)
You are too large for most types of armour.
You have tough skin. (AC +1)


Message History

You see here a +0 club.
There is a stone staircase leading down here.
You climb downwards.
The goblin shouts!
Found 8 gold pieces and a fizzy inky potion.
Found a stone staircase leading up.
There is a stone staircase leading up here.
There are monsters nearby!
There are monsters nearby!
There are monsters nearby!
There are monsters nearby!
There are monsters nearby!
The worm bites you!
You hit the worm.
The worm is lightly wounded.
You hit the worm.
The worm is lightly wounded.
The worm bites you but does no damage.
You hit the worm.
The worm is moderately wounded.
The worm bites you!
You are too injured to fight recklessly!
You are too injured to fight recklessly!
You are too injured to fight recklessly!
You are too injured to fight recklessly!
You are too injured to fight recklessly!
You are too injured to fight recklessly!
You are too injured to fight recklessly!
You hit the worm.
The worm is heavily wounded.
You hit the worm.
The worm is severely wounded.
The worm bites you!
* * * LOW HITPOINT WARNING * * *
You hit the worm.
The worm is almost dead.
You hit the worm.
The worm is almost dead.
The goblin hits you but does no damage. The worm bites you!
You die...

<## .#. ##
.. #. .. .
#. .####..
#. ..$....
#.###...##..
#whg<.......
#####.######
.# !# .# .#
.# .#


You could see a worm and a goblin.

Vanquished Creatures
  5 ball pythons (D:1)
  A bat (D:1)
  2 endoplasms (D:1)
  A goblin (D:1)
  3 hobgoblins (D:1)
  A kobold (D:1)
  4 rats (D:1)
17 creatures vanquished.

Notes
Turn   | Place    | Note
-------+----------+-------------------------------------------
     0 | D:1      | cforsyth the Ogre Shapeshifter began the quest for the Orb.
     0 | D:1      | Reached XP level 1. HP: 22/22 MP: 1/1
    77 | D:1      | Found a faded altar of an unknown god.
   101 | D:1      | Found Xownanam's Book Shoppe.
   144 | D:1      | Reached XP level 2. HP: 29/29 MP: 2/2
   664 | D:2      | Slain by a worm

Illustrated notes

Levels and vault maps discovered:
D:1:      shiori_arrival_maze, layout_rooms, serial_shops, shop,
          chequers_ecumenical_altar_simple, roderic_lattice_a
D:2:      layout_loops_ring, minmay_door_square

Skill      XL: |  1 |
---------------+----+-----
Unarmed Combat | 2 |  2.3
Fighting       | |  2.6
Dodging        | |  1.7
Shapeshifting  | |  3.3

Action                     || total
---------------------------++-------
  Melee: Unarmed           ||    34
         Punch             ||     1
 Armour: Animal skin       ||     8
  Dodge: Dodged            ||     7

Table legend: (Time is in decaauts)
 A = Elapsed time spent in this place.
 B = Non-inter-level travel time spent in this place.
 C = Inter-level travel time spent in this place.
 D = Time resting spent in this place.
 E = Time spent auto-exploring this place.
 F = Levels seen in this place.
 G = Mean time per level.
                   A        B        C        D        E       F      G
               +--------+--------+--------+--------+--------+-----+--------+
         Total |    662 |    651 |     11 |      0 |    556 |   2 |  331.0 |
       Dungeon |    662 |    651 |     11 |      0 |    556 |   2 |  331.0 |
               +--------+--------+--------+--------+--------+-----+--------+

Top non-repeatable levels by time:
     D:1: 653 daAuts
     D:2: 8 daAuts
